 Dungeon Crawl Stone Soup version 0.31-a0-1616-gbeaec30b81 (webtiles) character file.

Game seed: 12238880016285561860

163611 Lobster4 the Basher (level 17, 0/98 HPs)
             Began as a Green Draconian Conjurer on Jan 9, 2024.
             Was the Champion of Nemelex Xobeh.
             Incinerated by a smoke demon (10 damage)
             ... with a pyre arrow
             ... on level 3 of the Abyss on Jan 10, 2024.
             The game lasted 02:54:26 (47975 turns).

Lobster4 the Basher (Green Draconian Conjurer)     Turns: 47975, Time: 02:54:27

Health: 0/98       AC: 24    Str: 16 (17) XL:     17   Next: 24%
Magic:  33/33      EV: 21    Int: 20 (21) God:    Nemelex Xobeh [******]
Gold:   1278       SH: 19    Dex: 16      Spells: 14/41 levels left

rFire   . . .        M - +3 flail (protect)
rCold   + . .        F - +2 kite shield
rNeg    + . .        (body armour unavailable)
rPois   +            (helmet restricted)
rElec   .            O - +1 cloak {rPois}
rCorr   .            z - +2 pair of gloves
SInv    .            Z - +2 pair of boots
Will    +....        L - amulet of Kindness {Reflect rC+ SH+5}
Stlth   +            n - ring of Padghaomn {rN+ Dex+6}
HPRegen 0.36/turn    q - ring "Firegiom" {rF++ EV+5 Str+6 Stlth-}
MPRegen 0.23/turn

%: random rage (9%), reflection
@: on fire, about to teleport, under a protective aura, glowing
A: breathe noxious fumes, AC +9, unfitting armour, stinger 1, poison resistance,
cold-blooded, [berserk 2], [deterioration 2], [dopey 2], [frail 3], [heat
vulnerability 2], [inability to drink after injury 2], [inability to read after
injury 2]
a: Breathe Noxious Fumes, Renounce Religion, Draw Escape, Draw Destruction, Draw
Summoning, Triple Draw, Deal Four, Stack Five


You were on level 3 of the Abyss.
You worshipped Nemelex Xobeh.
Nemelex Xobeh was exalted by your worship.
You visited 6 branches of the dungeon, and saw 28 of its levels.
You visited the Abyss 1 time.
You also visited: Gauntlet.

You collected 2790 gold pieces.
You spent 1512 gold pieces at shops.

Inventory:

Hand Weapons
 l - a +3 flail of flaming
 M - a +3 flail of protection (weapon)
Missiles
 f - 39 poisoned darts (quivered)
 r - 2 datura-tipped darts
 J - 6 atropa-tipped darts
Armour
 z - a +2 pair of gloves (worn)
 F - a +2 kite shield (worn)
 O - a +1 cloak of poison resistance (worn)
 Z - a +2 pair of boots (worn)
Magical Staves
 y - a staff of cold
 W - a staff of fire
Jewellery
 b - a ring of flight
 e - the ring of Nounukac {Will+ rCorr}
   (You found it in a Gauntlet)

   [ring of resist corrosion]

   Will+:     It increases your willpower.
   rCorr:     It protects you from acid and corrosion.
 n - the ring of Padghaomn (left hand) {rN+ Dex+6}
   (You found it on level 1 of the Shoals)

   [ring of dexterity]

   Dex+6:     It affects your dexterity (+6).
   rN+:       It protects you from negative energy.
 q - the ring "Firegiom" (right hand) {rF++ EV+5 Str+6 Stlth-}
   (You bought it in a shop on level 2 of the Orcish Mines)

   [ring of evasion]

   EV+5:      It affects your evasion (+5).
   Str+6:     It affects your strength (+6).
   rF++:      It greatly protects you from fire.
   Stlth-:    It makes you less stealthy.
 s - a +5 ring of evasion
 w - a ring of protection from fire
 D - a ring of see invisible
 L - the amulet of Kindness (around neck) {Reflect rC+ SH+5}
   (You found it on level 5 of the Lair of Beasts)

   [amulet of reflection]

   Reflect:   It reflects blocked missile attacks.
   rC+:       It protects you from cold.
   SH+5:      It affects your SH (+5).
Wands
 c - a wand of roots (7)
 C - a wand of paralysis (24)
 N - a wand of mindburst (57)
 P - a wand of digging (3)
 S - a wand of flame (31)
Scrolls
 d - 3 scrolls of enchant weapon
 g - a scroll of poison
 j - 3 scrolls of blinking
 p - 2 scrolls of immolation
 t - 2 scrolls of silence
 u - 3 scrolls of revelation
 Q - a scroll of fear
 R - 6 scrolls of fog
 X - a scroll of acquirement
 Y - a scroll of butterflies
Potions
 a - 3 potions of magic
 h - 5 potions of haste
 k - a potion of might
 m - a potion of invisibility
 o - 6 potions of lignification
 v - 11 potions of curing
 x - 3 potions of mutation
 A - 3 potions of berserk rage
 B - a potion of resistance
 E - 2 potions of cancellation
 G - 4 potions of enlightenment
 H - a potion of heal wounds
Miscellaneous
 I - a sack of spiders
 U - a condenser vane
 V - a phial of floods


   Skills:
 - Level 10.0 Fighting
 - Level 1.0 Short Blades
 - Level 14.0 Maces & Flails
 - Level 2.0 Throwing
 - Level 10.0 Dodging
 - Level 2.0 Stealth
 + Level 12.2 Shields
 + Level 12.5 Spellcasting
 + Level 14.0 Conjurations
 - Level 3.0 Translocations
 + Level 14.0 Alchemy
 - Level 10.0 Invocations
 - Level 3.0 Evocations


You had 14 spell levels left.
You knew the following spells:

 Your Spells              Type           Power      Damage    Failure   Level
a - Magic Dart            Conj           100%       1d8       1%          1
b - Searing Ray           Conj           100%       2d8       1%          2
c - Eringya's Noxious Bo  Alch           31%        4d6       4%          6
d - Iskenderun's Mystic   Conj/Tloc      46%        2d10      3%          4
e - Mercury Vapours       Alch/Air       80%        N/A       1%          2
f - Mephitic Cloud        Conj/Alch/Air  50%        N/A       1%          3
g - Alistair's Intoxicat  Alch           41%        N/A       1%          5
p - Fulminant Prism       Conj/Alch      31%        3d16      1%          4

Your spell library contained the following spells:

 Spells                   Type           Power      Damage    Failure   Level
 Kiss of Death            Conj/Necr      100%       2d13      1%          1
 Dazzling Flash           Conj/Hex       80%        N/A       1%          3
 Cigotuvi's Dreadful Rot  Necr/Alch/Air  62%        N/A       2%          2
 Blink                    Tloc           48%        N/A       4%          2
 Lesser Beckoning         Tloc           48%        N/A       4%          2
 Leda's Liquefaction      Alch/Erth      20%        N/A       6%          4
 Petrify                  Alch/Erth      40%        N/A       6%          4
 Gell's Gravitas          Tloc           24%        N/A       9%          3
 Teleport Other           Tloc           24%        N/A       9%          3
 Summon Small Mammal      Summ           48%        N/A       11%         1
 Call Imp                 Summ           24%        N/A       16%         2
 Sublimation of Blood     Necr           12%        N/A       16%         2
 Volatile Blastmotes      Fire/Tloc      36%        2d13      17%         3
 Call Canine Familiar     Summ           12%        N/A       30%         3
 Confusing Touch          Hex            12%        N/A       30%         3
 Frozen Ramparts          Ice            24%        1d4       30%         3
 Tukima's Dance           Hex            12%        N/A       30%         3
 Passage of Golubria      Tloc           24%        N/A       30%         4
 Freezing Cloud           Conj/Ice/Air   15%        6-21      38%         5
 Dimensional Bullseye     Hex/Tloc       9%         N/A       50%         4
 Conjure Ball Lightning   Conj/Air       20%        3x3d6     65%         6
 Starburst                Conj/Fire      20%        6d7       65%         6
 Anguish                  Hex/Necr       6%         N/A       71%         4
 Cause Fear               Hex            6%         N/A       71%         4
 Dispel Undead            Necr           12%        3d9       71%         4
 Martyr's Knell           Necr/Summ      12%        N/A       71%         4
 Summon Blazeheart Golem  Fire/Summ      12%        N/A       71%         4
 Summon Forest            Summ/Tloc      9%         N/A       83%         5
 Borgnjor's Vile Clutch   Necr/Erth      6%         N/A       96%         5
 Metabolic Englaciation   Hex/Ice        6%         N/A       96%         5
 Silence                  Hex/Air        6%         N/A       96%         5
 Death Channel            Necr           6%         N/A       100%        6
 Enfeeble                 Hex            6%         N/A       100%        7
 Summon Hydra             Summ           6%         N/A       100%        7
 Discord                  Hex            6%         N/A       100%        8
 Disjunction              Tloc           12%        N/A       100%        8
 Lehudib's Crystal Spear  Conj/Erth      20%        10d6      100%        8
 Maxwell's Capacitive Co  Air            6%         ∞         100%        8


Dungeon Overview and Level Annotations

Branches:
Dungeon (15/15)            Temple (1/1) D:4            Lair (5/5) D:10
 Shoals (1/4) Lair:3        Snake (4/4) Lair:2        Slime (0/5) Lair:5
    Orc (2/2) D:9             Elf (0/3) Orc:2        Vaults (0/5) D:13
 Depths (0/4) D:15        Gauntlet (visited)

Altars:
Ashenzari
Cheibriados
Dithmenos
Elyvilon
Fedhas
Gozag
Hepliaklqana
Kikubaaqudgha
Makhleb
Nemelex Xobeh
Okawaru
Qazlal
Ru
Sif Muna
Trog
Uskayaw
Vehumet
Wu Jian
Xom
Yredelemnul
Zin
The Shining One
Jiyva

Shops:
D:8 *   D:13 [   Orc:2 **(=?   Snake:1 =   Snake:3 ::=:

Annotations:
D:14 2 transporters, Ciezan's ghost, journeyman TrGl
Lair:5 1 runed translucent door, nroviw's ghost, journeyman DsSh
Snake:4 1 exclusion


Innate Abilities, Weirdness & Mutations

You can breathe blasts of noxious fumes.
Your lurid green scales are hard. (AC +9)
You cannot fit into any form of body armour.
Your tail ends in a venomous barb.
Your system is resistant to poisons. (rPois)
You are cold-blooded and may be slowed by cold attacks.
[You have an uncontrollable temper.]
[Your body often deteriorates upon taking damage.]
[You are very dopey. (Int -4)]
[You are extremely frail. (-30% HP)]
[You are very vulnerable to heat. (rF--)]
[You sometimes lose the ability to drink potions when taking damage.]
[You sometimes lose the ability to read scrolls when taking damage.]


Message History

The starcursed mass shivers.
You destroy the starcursed mass!
The starcursed mass is blasted with air!!
The starcursed mass looks sleepy for a second.
The starcursed mass seems to slow down.
The chaos spawn is caught in an explosion of ice and frost!
You kill the chaos spawn!
The chaos spawn degenerates into a cloud of primal chaos!
Frost covers the starcursed mass's body!!
You destroy the starcursed mass!
You feel a surge of magic.
You feel your power returning. The liquid fire burns you!
* * * LOW HITPOINT WARNING * * *
You block the smoke demon's attack.
The smoke demon hits you but does no damage.
You block the smoke demon's attack. You block the bone dragon's attack.
The bone dragon completely misses you.
The bone dragon tramples you but does no damage.
The wretched star pulses with an eldritch light!
You feel stupid. x2
A chorus of shrieks assaults your mind.
* * * LOW HITPOINT WARNING * * *
You feel much better. The liquid fire burns you!
* * * LOW HITPOINT WARNING * * *
You can read scrolls again.
An ancient zyme comes into view.
You feel yourself growing ill in the presence of the ancient zyme.
The smoke demon completely misses you. x2; You block the smoke demon's attack.
The bone dragon barely misses you.
The bone dragon claws you but does no damage.
You block the bone dragon's attack. A chorus of shrieks assaults your mind.
* * * LOW HITPOINT WARNING * * *
As you read the scroll of teleportation, it crumbles to dust.
You feel strangely unstable.
You feel the power of the Abyss delaying your translocation!
The liquid fire burns you!
You die...
Your body glows with a rainbow of weird colours and disappears.

.#.# .## . .. .
#. .... #...
...... ..# . ##.
#.# .. # . # # .
.. ..# #.#.X#.
#. .. #X.# # #
#.#.##XX######..
#.. ...##.D@..#
#...○#*3#x# .
#.#h#○.X..# ..
#.. ...###.#. #.
...#.#.. #.. ..
#.....#.... .##
.. #. .###.. .
## #..# .. . .
...


You could see a bone dragon, 4 starcursed masses, a wretched star, an ancient
zyme (wandering), a smoke demon and a raiju (confused).

Vanquished Creatures
  Vashnia (Snake:3)
  2 krakens (Shoals:1)
  8 nagarajas
  A fire giant (D:15)
  2 very ugly things (Abyss:3)
  An ironbound thunderhulk (D:13)
  A minotaur (Gauntlet)
  A fire dragon (Snake:3)
  A merfolk impaler (Abyss:3)
  5 hydras
  A rakshasa (Abyss:3)
  An ogre mage (D:15)
  2 vault guards (D:13)
  A merfolk avatar (Shoals:1)
  7 anacondas
  A deep troll shaman (Lair:5)
  2 catoblepae (Lair:5)
  3 boulder beetles
  7 death yaks
  10 two-headed ogres
  5 centaur warriors
  9 naga warriors
  13 naga sharpshooters
  4 shock serpents
  2 skysharks
  A wretched star (Abyss:3)
  3 anaconda zombies (Snake:2)
  6 spectral anacondas (Snake:2)
  6 sea snakes
  A mana viper (Snake:1)
  A salamander mystic (Snake:3)
  A naga ritualist (Snake:1)
  Pikel (D:4)
  5 orc knights
  2 lindwurms (Lair:5)
  4 harpies (Shoals:1)
  2 anaconda skeletons (Snake:2)
  2 deep elf pyromancers
  4 large abominations (Abyss:3)
  An orc sorcerer (Orc:2)
  An oklob plant (Lair:5)
  13 salamanders
  4 manticores
  3 ugly things (D:12)
  25 black mambas
  An apocalypse crab (Gauntlet)
  4 kobold blastminers (Orc:2)
  A meliai (shapeshifter) (D:13)
  9 cyclopes
  3 guardian serpents
  21 elephants
  Maggie (D:6)
  Joseph (D:7)
  A cane toad (shapeshifter) (D:14)
  An orange demon (Abyss:3)
  10 cane toads
  17 naga magi
  3 gargoyles (D:12)
  An unseen horror (D:12)
  4 rime drakes
  7 komodo dragons
  A yaktaur (D:15)
  3 anaconda simulacra (Snake:2)
  A tengu conjurer (D:14)
  A polar bear (Snake:3)
  A hellwing (Abyss:3)
  3 wind drakes
  9 trolls
  3 raiju (Abyss:3)
  Grinder (D:4)
  14 blink frogs
  3 snapping turtles
  4 slime creatures (D:13)
  A shadow (D:12)
  2 water elementals
  4 wyverns
  3 wraiths
  A centaur simulacrum (Gauntlet)
  2 small abominations (Abyss:3)
  37 yaks
  A golden eye (Snake:3)
  2 humans (D:13)
  3 wargs
  4 basilisks
  12 vampire mosquitoes
  Grum (D:10)
  A steam dragon (Lair:3)
  2 neqoxecs (Abyss:3)
  Edmund (D:4)
  4 chaos spawn (Abyss:3)
  35 nagas
  4 acid dragons
  6 water moccasins
  A swamp drake (Lair:5)
  3 meliai simulacra (Gauntlet)
  5 black bears
  39 orc warriors
  2 ice beasts (D:5)
  5 laughing skulls
  6 ogres
  11 centaurs
  An ice dragon simulacrum (Gauntlet)
  20 wolves
  3 lemures (D:4)
  Blork the orc (D:4)
  2 kobold brigands
  10 bullfrogs
  4 gnoll sergeants
  6 scorpions
  4 wights
  14 killer bees
  4 jellies
  A vampire bat (D:5)
  2 howler monkeys
  9 electric eels
  A crimson imp (D:4)
  A quasit (Abyss:3)
  3 bombardier beetles
  3 hounds
  Crazy Yiuf (D:7)
  16 orc priests
  5 starcursed masses (Abyss:3)
  2 gnoll boudas
  An iron imp (Abyss:3)
  5 iguanas
  19 orc wizards
  A sleepcap (D:6)
  2 hell rats (D:10)
  Natasha (thrice) (D:2)
  Robin (D:2)
  19 gnolls
  8 adders
  A river rat (D:10)
  A shadow imp (D:7)
  3 white imps
  2 ufetubi (D:7)
  2 dart slugs
  3 fire bats (D:5)
  A ribbon worm (D:2)
  68 orcs
  2 spectral bats (D:5)
  8 ball pythons
  3 bat skeletons (D:5)
  A bat zombie (D:5)
  11 endoplasms
  8 giant cockroaches
  11 goblins
  13 hobgoblins
  8 jackals (D:1)
  18 kobolds
  3 quokkas
  16 bats
  A bat simulacrum (D:5)
  6 frilled lizards
  3 rats (D:1)
  5 tentacles (Shoals:1)
874 creatures vanquished.

Vanquished Creatures (collateral kills)
  A tentacled starspawn (Abyss:3)
  A deep elf elementalist (Abyss:3)
  A thrashing horror (Abyss:3)
  A naga sharpshooter (Snake:4)
  Sigmund (D:7)
  3 fire bats
  A chaos spawn (Abyss:3)
  A naga (Snake:4)
  A tengu (Snake:3)
  An orc (Orc:1)
12 creatures vanquished.

Vanquished Creatures (others)
  2 nagarajas (Snake:4)
  A chaos spawn (Abyss:3)
  An orc warrior (Orc:1)
  A killer bee (Snake:3)
  4 orc wizards
  4 orcs
  225 fulminant prisms
  2 starspawn tentacles (Abyss:3)
  28 tentacles (Shoals:1)
268 creatures vanquished.

Grand Total: 1154 creatures vanquished

Notes
Turn   | Place    | Note
-------+----------+-------------------------------------------
     0 | D:1      | Lobster4 the Draconian Conjurer began the quest for the
                  | Orb.
     0 | D:1      | Reached XP level 1. HP: 14/14 MP: 3/3
   221 | D:1      | Reached XP level 2. HP: 22/22 MP: 3/5
   228 | D:1      | Learned a level 2 spell: Searing Ray
   611 | D:1      | Reached skill level 1 in Fighting
   783 | D:1      | Reached XP level 3. HP: 28/28 MP: 3/6
  1579 | D:2      | Noticed Natasha
  1595 | D:2      | Reached XP level 4. HP: 35/35 MP: 0/7
  1740 | D:2      | Noticed Robin
  1977 | D:1      | Reached skill level 1 in Short Blades
  2251 | D:2      | Learned a level 4 spell: Iskenderun's Mystic Blast
  2354 | D:2      | Killed Robin
  2355 | D:2      | Reached skill level 1 in Throwing
  2432 | D:2      | Found a faded altar of an unknown god.
  2725 | D:2      | Killed Natasha
  3007 | D:3      | Found a stormy altar of Qazlal.
  3033 | D:3      | Reached XP level 5. HP: 41/41 MP: 7/9
  3843 | D:4      | Reached skill level 1 in Evocations
  3846 | D:4      | Noticed a black bear
  4027 | D:4      | Killed a black bear
  4028 | D:4      | Reached skill level 5 in Conjurations
  4028 | D:4      | Reached XP level 6. HP: 38/50 MP: 10/10
  4160 | D:4      | Noticed Grinder
  4736 | D:4      | Found a shimmering altar of Xom.
  4738 | D:4      | Found a burning altar of Makhleb.
  4798 | D:4      | Noticed Edmund
  4810 | D:5      | Entered Level 5 of the Dungeon
  4810 | D:5      | Noticed Blork the orc
  4811 | D:5      | Noticed Pikel
  4921 | D:4      | Found a staircase to the Ecumenical Temple.
  4927 | Temple   | Entered the Ecumenical Temple
  4947 | Temple   | Became a worshipper of Nemelex Xobeh the Trickster
  5369 | D:5      | Noticed an ice beast
  5401 | D:5      | Your scales start taking on a lurid green colour.
  5401 | D:5      | Reached XP level 7. HP: 56/57 MP: 6/12
  5401 | D:5      | Gained mutation: Your system is resistant to poisons.
                  | (rPois) [Green Draconian growth]
  5406 | D:5      | Learned a level 4 spell: Fulminant Prism
  5564 | D:5      | Reached skill level 1 in Invocations
  5747 | D:5      | Reached skill level 1 in Translocations
  5747 | D:5      | Reached skill level 1 in Alchemy
  6146 | D:5      | Found a hide-covered altar of Uskayaw.
  6146 | D:5      | Found an ancient bone altar of Kikubaaqudgha.
  6146 | D:5      | Found a glowing golden altar of the Shining One.
  6243 | D:5      | Found Zin's Purification Station.
  6253 | D:5      | Found a glowing silver altar of Zin.
  6475 | D:4      | Killed Blork the orc
  6577 | D:5      | Reached XP level 8. HP: 66/66 MP: 6/13
  7383 | D:5      | Bought a potion of curing for 90 gold pieces
  7943 | D:6      | Noticed Maggie
  7962 | D:6      | Killed Maggie
  8542 | D:7      | Reached * piety under Nemelex Xobeh
  8908 | D:7      | Noticed Joseph
  8988 | D:7      | Reached skill level 5 in Fighting
  9257 | D:7      | Reached XP level 9. HP: 64/74 MP: 9/16
  9346 | D:7      | Received a gift from Nemelex Xobeh
  9418 | D:7      | Found a snail-covered altar of Cheibriados.
  9496 | D:7      | Found a runed translucent door.
  9497 | D:7      | Noticed Crazy Yiuf
  9832 | D:7      | Reached skill level 1 in Shields
  9963 | D:7      | Noticed Sigmund
  9966 | D:7      | Killed Sigmund
 10344 | D:7      | Reached skill level 5 in Dodging
 10444 | D:7      | Reached skill level 5 in Spellcasting
 11586 | D:8      | Received a gift from Nemelex Xobeh
 11601 | D:8      | Found Amynohen's Assorted Antiques.
 11727 | D:8      | Reached ** piety under Nemelex Xobeh
 11815 | D:8      | Reached skill level 5 in Alchemy
 12282 | D:8      | Received a gift from Nemelex Xobeh
 12523 | D:8      | Bought a scroll labelled MUHE JUGYTWO for 23 gold pieces
 12523 | D:8      | Bought a scroll labelled SYLYQ XIAMMUE for 23 gold pieces
 12795 | D:9      | Reached XP level 10. HP: 80/83 MP: 18/18
 12814 | D:9      | Reached skill level 5 in Invocations
 12908 | D:9      | Identified the +4 dagger of Sofumeh {flame, Dex+4}
 13056 | D:9      | Found a broken altar of Ashenzari.
 13265 | D:9      | Found a staircase to the Orcish Mines.
 13494 | D:9      | Found a bloodstained altar of Trog.
 13627 | D:10     | Entered Level 10 of the Dungeon
 13639 | D:10     | Noticed a death yak
 13680 | D:9      | Reached skill level 1 in Maces & Flails
 13850 | D:10     | Noticed a centaur warrior
 14020 | D:2      | Noticed Natasha
 14024 | D:2      | Killed Natasha
 14149 | D:2      | Noticed Natasha
 14153 | D:2      | Killed Natasha
 14436 | D:2      | Found a faded altar of an unknown god.
 14723 | D:4      | Killed Pikel
 14905 | D:4      | Killed Edmund
 15051 | D:4      | Paralysed by Grinder for 4 turns
 15051 | D:4      | Killed Grinder
 15430 | D:4      | Found a shimmering altar of Xom.
 15431 | D:4      | Found a burning altar of Makhleb.
 15563 | D:4      | Found a staircase to the Ecumenical Temple.
 15910 | D:7      | Killed Joseph
 16099 | D:7      | Killed Crazy Yiuf
 16392 | Orc:1    | Entered Level 1 of the Orcish Mines
 16411 | Orc:1    | Noticed an orc knight
 16425 | D:9      | Reached XP level 11. HP: 68/92 MP: 9/20
 16804 | D:10     | Noticed Grum
 16818 | D:10     | Killed Grum
 17071 | D:10     | Noticed a death yak
 17122 | D:10     | Killed a centaur warrior
 17380 | D:10     | Reached skill level 5 in Maces & Flails
 17488 | D:10     | Found a staircase to the Lair.
 17624 | D:10     | Noticed a death yak
 17629 | D:9      | Killed a death yak
 17630 | D:9      | Reached skill level 5 in Shields
 18042 | D:10     | Killed a death yak
 18223 | D:10     | Killed a death yak
 19106 | D:11     | Noticed a two-headed ogre
 19114 | D:11     | Killed a two-headed ogre
 19116 | D:11     | Noticed a two-headed ogre
 19147 | D:11     | Killed a two-headed ogre
 19209 | D:11     | Reached *** piety under Nemelex Xobeh
 19419 | D:11     | Reached XP level 12. HP: 103/103 MP: 15/22
 19550 | D:12     | Received a gift from Nemelex Xobeh
 20041 | D:12     | Noticed a two-headed ogre
 20086 | D:12     | Killed a two-headed ogre
 20366 | D:12     | Noticed a boulder beetle
 20381 | D:12     | Killed a boulder beetle
 20555 | D:12     | Received a gift from Nemelex Xobeh
 21151 | D:13     | Noticed an ironbound thunderhulk
 21209 | Lair:1   | Entered Level 1 of the Lair of Beasts
 21492 | Lair:1   | Reached **** piety under Nemelex Xobeh
 21647 | Lair:1   | Received a gift from Nemelex Xobeh
 22170 | Lair:1   | Reached XP level 13. HP: 103/111 MP: 13/24
 22687 | Lair:2   | Received a gift from Nemelex Xobeh
 22814 | Lair:2   | Reached ***** piety under Nemelex Xobeh
 22933 | Lair:2   | Found a staircase to the Snake Pit.
 23150 | Lair:2   | Received a gift from Nemelex Xobeh
 23788 | Lair:3   | Found a gate leading to a gauntlet.
 23797 | Gauntlet | Entered a Gauntlet
 23797 | Gauntlet | Found a transporter.
 23797 | Gauntlet | Found a transporter.
 23798 | Gauntlet | Found a transporter.
 23798 | Gauntlet | Found a transporter.
 23798 | Gauntlet | Received a gift from Nemelex Xobeh
 23801 | Gauntlet | Found a transporter.
 23812 | Gauntlet | Found a transporter.
 23816 | Gauntlet | Found a large runed translucent door.
 23816 | Gauntlet | Found a large runed translucent door.
 23817 | Gauntlet | Found a large runed translucent door.
 23817 | Gauntlet | Found a large runed translucent door.
 23818 | Gauntlet | Found a large runed translucent door.
 23818 | Gauntlet | Found a large runed translucent door.
 23818 | Gauntlet | Found a large runed translucent door.
 23818 | Gauntlet | Found a large runed translucent door.
 23833 | Gauntlet | Found a transporter.
 23852 | Gauntlet | Found a runed translucent gate.
 23853 | Gauntlet | Found a transporter.
 23853 | Gauntlet | Found a runed translucent gate.
 23854 | Gauntlet | Found a runed translucent gate.
 23855 | Gauntlet | Found a large runed translucent door.
 23856 | Gauntlet | Found a large runed translucent door.
 23857 | Gauntlet | Found a large runed translucent door.
 23864 | Gauntlet | Found a large runed translucent door.
 23866 | Gauntlet | Found a large runed translucent door.
 23866 | Gauntlet | Found a large runed translucent door.
 23866 | Gauntlet | Found a runed translucent door.
 23866 | Gauntlet | Found a runed translucent door.
 23867 | Gauntlet | Found a large runed translucent door.
 23868 | Gauntlet | Found a large runed translucent door.
 23870 | Gauntlet | Found a transporter.
 23878 | Gauntlet | Found a transporter.
 23896 | Gauntlet | Found a transporter.
 23948 | Gauntlet | Found a transporter.
 24024 | Gauntlet | Identified the ring of Nounukac {Will+ rCorr}
 24126 | Gauntlet | Identified the +0 helmet "Quqeumnaag" {Regen+ Str+5}
 24163 | Gauntlet | Noticed a minotaur
 24183 | Gauntlet | Killed a minotaur
 24367 | Gauntlet | Identified the +6 scale mail of Utik Rou {rC+}
 24542 | Lair:3   | Reached skill level 10 in Fighting
 24585 | Lair:3   | Identified a scroll of acquirement
 24854 | Lair:3   | Found a staircase to the Shoals.
 25014 | Lair:3   | Reached skill level 10 in Conjurations
 25330 | Lair:4   | Received a gift from Nemelex Xobeh
 25404 | Lair:4   | Reached skill level 10 in Alchemy
 25690 | Lair:4   | Reached skill level 10 in Maces & Flails
 26601 | Lair:5   | Entered Level 5 of the Lair of Beasts
 26856 | Lair:5   | Gained mutation: Your tail ends in a venomous barb. [Green
                  | Draconian growth]
 26856 | Lair:5   | Reached XP level 14. HP: 121/121 MP: 18/26
 26880 | Lair:5   | Found a staircase to the Slime Pits.
 26891 | Lair:5   | Found a viscous altar of Jiyva.
 26969 | Lair:5   | Received a gift from Nemelex Xobeh
 27098 | Lair:5   | Found a runed translucent door.
 27098 | Lair:5   | Noticed nroviw's ghost (journeyman DsSh)
 27227 | Lair:5   | Received a gift from Nemelex Xobeh
 28581 | Lair:5   | Identified the amulet of Kindness {Reflect rC+ SH+5}
 29241 | Orc:2    | Entered Level 2 of the Orcish Mines
 29598 | Orc:2    | Found Ekaf Gebb's Magic Scroll Emporium.
 29614 | Orc:2    | Bought a scroll of poison for 72 gold pieces
 29614 | Orc:2    | Bought a scroll of teleportation for 54 gold pieces
 29648 | Orc:2    | Found a staircase to the Elven Halls.
 29687 | Orc:1    | Reached skill level 10 in Dodging
 30043 | Orc:1    | Reached ****** piety under Nemelex Xobeh
 30043 | Orc:1    | Received a gift from Nemelex Xobeh
 30848 | Orc:2    | Reached skill level 10 in Shields
 31232 | Orc:2    | Found Omocuoz's General Store.
 31232 | Orc:2    | Found Ydomuv's Weapon Boutique.
 31234 | Orc:2    | Found Ixeickyf's Jewellery Shop.
 31236 | Orc:2    | Found Qywutes's General Store.
 31355 | Orc:2    | Bought the ring "Firegiom" {rF++ EV+5 Str+6 Stlth-} for
                  | 1218 gold pieces
 31563 | D:13     | Reached skill level 10 in Spellcasting
 31708 | D:13     | Found Hilalewa's Specialty Armours.
 32000 | D:13     | Killed an ironbound thunderhulk
 32059 | D:13     | Received a gift from Nemelex Xobeh
 32478 | D:13     | Found a gate to the Vaults.
 32762 | D:14     | Received a gift from Nemelex Xobeh
 33080 | D:14     | Noticed Ciezan's ghost (journeyman TrGl)
 33099 | D:14     | Reached XP level 15. HP: 124/125 MP: 29/29
 33106 | D:14     | Found a transporter.
 33116 | D:14     | Noticed a sphinx
 33734 | D:14     | Found a transporter.
 33767 | D:14     | Received a gift from Nemelex Xobeh
 34042 | D:15     | Entered Level 15 of the Dungeon
 34303 | D:15     | Received a gift from Nemelex Xobeh
 34312 | D:15     | Noticed a fire giant
 34333 | D:15     | Upgraded the game from 0.31-a0-1612-g4aaf141004 to
                  | 0.31-a0-1616-gbeaec30b81
 34348 | D:15     | Learned a level 2 spell: Mercury Vapours
 34352 | D:15     | Learned a level 3 spell: Mephitic Cloud
 35217 | D:15     | Killed a fire giant
 35413 | D:15     | Found a staircase to the Depths.
 36095 | Shoals:1 | Entered Level 1 of the Shoals
 36295 | Shoals:1 | Received a gift from Nemelex Xobeh
 36728 | Shoals:1 | Received a gift from Nemelex Xobeh
 36745 | Shoals:1 | Noticed a kraken
 37098 | Shoals:1 | Identified the ring of Padghaomn {rN+ Dex+6}
 37334 | Shoals:1 | Noticed a kraken
 37360 | Shoals:1 | Killed a kraken
 37752 | Shoals:1 | Received a gift from Nemelex Xobeh
 37944 | Shoals:1 | Killed a kraken
 38004 | Shoals:1 | Noticed a titan
 38010 | Shoals:1 | Noticed a frost giant
 38351 | Orc:2    | Bought a scroll of identify for 32 gold pieces
 38514 | Snake:1  | Entered Level 1 of the Snake Pit
 38514 | Snake:1  | Found Tudaomar's Jewellery Shoppe.
 39197 | Snake:1  | Learned a level 6 spell: Eringya's Noxious Bog
 39357 | Snake:1  | Received a gift from Nemelex Xobeh
 39362 | Snake:1  | Found a bloodstained altar of Trog.
 39373 | Snake:1  | Noticed a nagaraja
 39387 | Snake:1  | Killed a nagaraja
 39437 | Snake:1  | Noticed a nagaraja
 39471 | Snake:1  | Killed a nagaraja
 39810 | Snake:1  | Noticed a nagaraja
 39826 | Snake:1  | Killed a nagaraja
 40198 | Snake:2  | Received a gift from Nemelex Xobeh
 40602 | Snake:2  | Received a gift from Nemelex Xobeh
 41062 | Snake:2  | Received a gift from Nemelex Xobeh
 41372 | Snake:2  | Reached XP level 16. HP: 127/134 MP: 15/31
 42712 | Snake:3  | Noticed Vashnia
 42743 | Snake:2  | Learned a level 5 spell: Alistair's Intoxication
 43620 | Snake:3  | Received a gift from Nemelex Xobeh
 43697 | Snake:3  | Found Wackoffyba's Self-Published Books.
 43857 | Snake:3  | Reached skill level 10 in Invocations
 44484 | Snake:3  | Received a gift from Nemelex Xobeh
 44617 | Snake:3  | Killed Vashnia
 44975 | Snake:3  | Found Kucakyf's Book Boutique.
 44978 | Snake:3  | Found Dihyhoq's Jewellery Emporium.
 44979 | Snake:3  | Found Mamiod's Book Boutique.
 45472 | Snake:4  | Entered Level 4 of the Snake Pit
 45654 | Snake:4  | Received a gift from Nemelex Xobeh
 47101 | Snake:4  | Reached XP level 17. HP: 123/140 MP: 27/33
 47512 | Abyss:2  | Cast into level 2 of the Abyss (naga warrior)
 47955 | Abyss:3  | Noticed a bone dragon
 47970 | Abyss:3  | Paralysed by accursed screaming for 1 turns
 47975 | Abyss:3  | Incinerated by a smoke demon

Illustrated notes

Levels and vault maps discovered:
D:1:      dpeg_arrival_prison, layout_basic
D:2:      layout_basic, shapermc_ecumenical_altar_hornbeckon, uniq_natasha,
          uniq_robin
D:3:      layout_basic, general_overflow_altar, hangedman_decor_riveting
D:4:      black_bear_nest_2, layout_loops_ring,
          grunt_temple_overflow_champion_of_chaos, minmay_temple_entry_fiery,
          uniq_grinder, uniq_edmund
D:5:      layout_basic, gammafunk_temple_overflow_claw, zin_purify,
          goddamned_bats, uniq_blork_the_orc, uniq_pikel
D:6:      layout_rooms, corexii_hall_statues_i, lemuel_flamethrower_2,
          uniq_maggie
D:7:      layout_loops_corners, slow_altar_1, sigmund_army,
          uniq_crazy_yiuf_cottage, uniq_joseph
D:8:      nicolae_moon_pools, layout_cave_pods, serial_shops, shop
D:9:      layout_roguey, trog_butcher_becter, lemuel_round_altar,
          minmay_orc_entry_temple_small, hangedman_decor_opposing
D:10:     layout_gridville, dpeg_lair_monsters, minmay_misc_feat_ornament,
          minmay_checkerbox, uniq_grum
D:11:     layout_loops_ring
D:12:     layout_roguey
D:13:     layout_long_grid, hellmonk_vaults_keyhole, minmay_misc_feat_square,
          nicolae_barding_shop
D:14:     layout_stronghold, gammafunk_ghost_arena
D:15:     grunt_enter_depths_giant_problem, layout_basic, serial_aquarium,
          aquarium_bridge_long_joined [aquarium_subvault_window,
          aquarium_subvault_bridge, aquarium_subvault_bridge,
          aquarium_subvault_bridge, aquarium_subvault_bridge,
          aquarium_subvault_wall], aquarium_window_corridor_3,
          aquarium_window_corner, aquarium_window_2, aquarium_window_2,
          aquarium_view_2d, aquarium_view_4, aquarium_balcony_5a
Temple:   hellmonk_temple_two_chambers
Lair:1:   layout_regular_city, serial_bayou_shore_a
Lair:2:   nzn_winding_woodlands_small [nzn_winding_woodlands_5x15_lazy_stream,
          nzn_winding_woodlands_center_triple_pond,
          nzn_winding_woodlands_5x15_river_crossing], layout_regular_city,
          nicolae_snake_entry_squirm
Lair:3:   layout_concentric_octagons, minmay_shoals_entry_hut,
          gauntlet_entry_generic
Lair:4:   layout_roguey
Lair:5:   grunt_lair_end_beastmaster, layout_regular_city,
          nicolae_slime_entry_slimehenge, gammafunk_ghost_grave
Shoals:1: layout_shoals, st_sunken_temple
Snake:1:  layout_onion_interference, serial_shops, shop, basic_altar,
          serial_library_hellmonk_metal_room
Snake:2:  layout_onion_interference, nicolae_snake_dead_anacondas
Snake:3:  layout_onion, nicolae_snake_snake_lake, st_stairs_8,
          nicolae_custom_books, hangedman_snake_pattern,
          nicolae_coiled_stairwell_down, minmay_shop_grove, uniq_vashnia
Snake:4:  grunt_snake_rune_spirals, layout_onion_interference,
          grunt_ministairs_4
Orc:1:    layout_caves, nicolae_orc_crystal_geode
Orc:2:    st_orc_rangers, layout_caves, serial_shops, nicolae_shop_crystal
Abyss:3:  base: D:5, evilmike_abyss_exit_kraken, evilmike_abyss_exit_vortex,
          dshaligram_kb_abyss_rune_zappy_water_cross, evilmike_abyss_exit_kraken

Skill      XL: |  1  2  3  4  5  6  7  8  9 10 11 12 13 14 15 16 17 |
---------------+----------------------------------------------------+-----
Stealth        | 2 |  2.0
Dodging        | 2 3 4 5 6 7 8 9 10 | 10.0
Fighting       | 1 2 3 5 6 7 8 9 10 | 10.0
Short Blades   | 1 |  1.0
Throwing       | 1 2 |  2.0
Evocations     | 1 2 3 |  3.0
Spellcasting   | 3 4 5 6 7 8 10 11 12 | 12.5
Conjurations   | 5 6 7 8 9 10 11 12 13 14 | 14.0
Invocations    | 1 3 4 5 6 7 8 10 | 10.0
Translocations | 1 2 3 |  3.0
Alchemy        | 1 3 5 6 8 9 10 11 13 14 | 14.0
Shields        | 2 4 5 6 8 10 12 | 12.2
Maces & Flails | 4 6 8 10 12 13 14 | 14.0

Action                     |  1- 3 |  4- 6 |  7- 9 | 10-12 | 13-15 | 16-18 || total
---------------------------+-------+-------+-------+-------+-------+-------++-------
  Melee: Unarmed           |    18 |       |       |       |     1 |       ||    19
         Tailslap          |     7 |     3 |     7 |    29 |   161 |    83 ||   290
         Rapier            |     6 |       |       |       |       |       ||     6
         Dagger            |    27 |    23 |    40 |    67 |       |       ||   157
         Punch             |       |     1 |       |       |       |       ||     1
         Flail             |       |       |       |   104 |   710 |   476 ||  1290
  Throw: Dart              |       |     2 |    23 |    21 |    18 |     2 ||    66
   Cast: Magic Dart        |    56 |    56 |   137 |   116 |   374 |    41 ||   780
         Searing Ray       |     5 |    10 |    88 |   138 |   161 |     6 ||   408
         Iskenderun's Myst |       |       |     3 |    52 |   186 |    46 ||   287
         Fulminant Prism   |       |       |     1 |    66 |   142 |    16 ||   225
         Mercury Vapours   |       |       |       |       |    54 |     2 ||    56
         Eringya's Noxious |       |       |       |       |    22 |    58 ||    80
         Mephitic Cloud    |       |       |       |       |     5 |       ||     5
         Alistair's Intoxi |       |       |       |       |       |     1 ||     1
 Invoke: Draw Destruction  |       |       |       |     1 |     5 |     4 ||    10
         Draw Escape       |       |       |       |     1 |     2 |       ||     3
         Draw Summoning    |       |       |       |       |       |     5 ||     5
Ability: Breathe Noxious F |       |       |     2 |     2 |     3 |       ||     7
  Evoke: Wand              |       |    13 |       |     6 |     8 |       ||    27
         Sack of spiders   |       |       |       |       |     2 |       ||     2
         Condenser vane    |       |       |       |       |     2 |       ||     2
         Phial of floods   |       |       |       |       |     1 |       ||     1
    Use: Scroll            |       |     3 |    14 |    11 |     8 |     7 ||    43
         Potion            |       |       |     1 |       |     5 |    11 ||    17
   Stab: Sleeping          |     1 |     2 |       |     2 |       |       ||     5
         Paralysed         |       |       |       |     5 |       |       ||     5
         Distracted        |       |       |       |       |       |     1 ||     1
         Confused          |       |       |       |       |       |     1 ||     1
 Armour: Skin              |    28 |    50 |   104 |   185 |   552 |   285 ||  1204
  Dodge: Dodged            |    38 |    40 |   193 |   389 |   941 |   342 ||  1943
  Block: Buckler           |       |       |       |    54 |   115 |       ||   169
         Kite shield       |       |       |       |       |   618 |   616 ||  1234
         Reflection        |       |       |       |       |    39 |   103 ||   142

Table legend: (Time is in decaauts)
 A = Elapsed time spent in this place.
 B = Non-inter-level travel time spent in this place.
 C = Inter-level travel time spent in this place.
 D = Time resting spent in this place.
 E = Time spent auto-exploring this place.
 F = Levels seen in this place.
 G = Mean time per level.
                   A        B        C        D        E       F      G
               +--------+--------+--------+--------+--------+-----+--------+
         Total |  48099 |  44785 |   3314 |  12011 |  23073 |  31 | 1551.6 |
       Dungeon |  26136 |  23889 |   2247 |   5305 |  14410 |  15 | 1742.4 |
        Temple |     29 |     21 |      8 |      0 |      0 |   1 |   29.0 |
          Lair |   8095 |   7675 |    420 |   1536 |   4303 |   5 | 1619.0 |
        Shoals |   1715 |   1684 |     31 |    618 |    673 |   1 | 1715.0 |
     Snake Pit |   8601 |   8251 |    350 |   3355 |   2767 |   4 | 2150.2 |
  Orcish Mines |   2512 |   2256 |    256 |    823 |    752 |   2 | 1256.0 |
         Abyss |    448 |    448 |      0 |    106 |     27 |   2 |  224.0 |
      Gauntlet |    560 |    560 |      0 |    268 |    140 |   1 |  560.0 |
               +--------+--------+--------+--------+--------+-----+--------+

Top non-repeatable levels by time:
 Snake:3: 3345 daAuts
     D:7: 3194 daAuts
     D:4: 2885 daAuts
 Snake:2: 2451 daAuts
    D:10: 2108 daAuts
  Lair:5: 2020 daAuts
     D:5: 2019 daAuts
    D:15: 1899 daAuts
  Lair:2: 1848 daAuts
     D:2: 1830 daAuts
     D:9: 1775 daAuts
Shoals:1: 1715 daAuts
    D:12: 1689 daAuts
     D:1: 1623 daAuts
  Lair:4: 1608 daAuts
